 Dungeon Crawl Stone Soup version 0.26.1-15-g04117e645d (webtiles) character file.

Game seed: 8956177990660952913

186 suipiss the Magician (level 5, -4/35 HPs)
             Began as a Mummy Ice Elementalist on Dec 29, 2022.
             Killed from afar by an orc wizard (13 damage)
             ... with a puff of flame
             ... on level 4 of the Dungeon.
             The game lasted 00:06:01 (3909 turns).

suipiss the Magician (Mummy Ice Elementalist)       Turns: 3909, Time: 00:06:02

Health: -4/35      AC:  2    Str: 11    XL:     5   Next: 38%
Magic:  7/11       EV: 12    Int: 16    God:
Gold:   197        SH:  0    Dex: 12    Spells: 5/12 levels left

rFire    x . .     SeeInvis .   e - +2 scimitar (elec)
rCold    + . .     Faith    .   (no shield)
rNeg     + + +     Spirit   .   a - +0 robe
rPois    ∞         Reflect  .   (no helmet)
rElec    .         Harm     .   i - scarf {+Inv}
rCorr    .         Rampage  .   (no gloves)
Will     .....                  (no boots)
Stlth    ++........             l - amulet of inaccuracy (curse)
HPRegen  0.11/turn              j - ring of poison resistance
MPRegen  0.12/turn              (no ring)

@: frozen ramparts
A: no potions, fire vulnerability, cold resistance 1, negative energy resistance
3, torment resistance, unbreathing
a: Evoke Invisibility


You were on level 4 of the Dungeon.
You visited 1 branch of the dungeon, and saw 4 of its levels.

You collected 197 gold pieces.

Inventory:

Hand Weapons
 b - a +2 dagger of venom
 e - a +2 scimitar of electrocution (weapon)
Armour
 a - a +0 robe (worn)
 h - a +0 kite shield
 i - a scarf of invisibility (worn)
Jewellery
 f - an uncursed ring of magical power {unknown}
 j - a ring of poison resistance (left hand)
 l - a cursed amulet of inaccuracy (around neck)
Scrolls
 c - 3 scrolls of identify
 d - a scroll of immolation


   Skills:
 + Level 1.2 Armour
 + Level 2.1 Dodging
 - Level 1.5 Stealth
 + Level 1.2 Shields
 * Level 4.1 Spellcasting
 * Level 1.2 Conjurations
 * Level 4.0 Ice Magic


You had 5 spell levels left.
You knew the following spells:

 Your Spells              Type           Power        Failure   Level
a - Freeze                Ice            64%          3%          1
b - Frozen Ramparts       Ice            32%          10%         3
c - Ozocubu's Armour      Ice            16%          10%         3

Your spell library contained the following spells:

 Spells                   Type           Power        Failure   Level
 Hailstorm                Conj/Ice       11%          50%         4
 Summon Ice Beast         Ice/Summ       9%           58%         4


Dungeon Overview and Level Annotations

Branches:
Dungeon (4/15)
 Temple: D:4-7

Altars:
Makhleb
Qazlal
Trog
Xom
The Shining One


Innate Abilities, Weirdness & Mutations

You do not drink.
Your flesh is vulnerable to fire.
You are immune to poison.
Your flesh is cold resistant. (rC+)
You are immune to negative energy. (rN+++)
You are immune to unholy pain and torment.
You can survive without breathing.


Message History

The orc priest hits you with a +0 short sword.
Casting: Freeze (safe; 3% risk of failure)
Confirm with . or Enter, or press ? or * to list all spells.
Casting: Frozen Ramparts (quite dangerous; 10% risk of failure)
Press: ? - help, Dir - look around, f - activate
Okay, then.
The orc priest calls down the wrath of Beogh upon you.
Beogh smites you!
* * * LOW HITPOINT WARNING * * *
Casting: Frozen Ramparts (quite dangerous; 10% risk of failure)
Confirm with . or Enter, or press ? or * to list all spells.
Casting: Frozen Ramparts (quite dangerous; 10% risk of failure)
Press: ? - help, Dir - look around, f - activate The walls around you are covered in ice.
The wall freezes the orc priest.
The orc priest hits you with a +0 short sword.
* * * LOW HITPOINT WARNING * * *
The orc wizard gestures at you while chanting.
The puff of flame hits you! The fire burns you terribly!
You die...

.... !# ####### .... #.# #.....#
#..# #.######.....# #..#
#............# #..#
#............# #..#
#.....).)....+
#..#####.####.......#
#####........####oo.....#
........####....@......##
......#....#..####.#...#######..
...........#.....#.#............
##...#.....#.###.#.#...#########
#...#.....#.# #.#####
#...##..#[#.# #.# ######..#.#.#
#†# ##...<#.# #.# ######.......#
#.#


You could see an orc priest and an orc wizard.

Vanquished Creatures
  Blork the orc (D:4)
  An orc wizard (D:4)
  An adder (D:2)
  2 oozes
  2 worms (D:2)
  A dart slug (D:2)
  A leopard gecko (D:1)
  2 orcs
  4 giant cockroaches
  5 goblins
  9 hobgoblins
  3 jackals (D:2)
  7 kobolds
  2 quokkas
  7 bats
  8 rats
56 creatures vanquished.

Notes
Turn   | Place    | Note
-------+----------+-------------------------------------------
     0 | D:1      | suipiss the Mummy Ice Elementalist began the quest for the
                  | Orb.
     0 | D:1      | Reached XP level 1. HP: 13/13 MP: 4/4
   266 | D:1      | Reached XP level 2. HP: 19/19 MP: 1/5
  1450 | D:2      | Reached XP level 3. HP: 24/24 MP: 7/7
  1461 | D:2      | Learned a level 3 spell: Frozen Ramparts
  1465 | D:2      | Learned a level 3 spell: Ozocubu's Armour
  1789 | D:2      | You fall into a shaft and drop 1 floor!
  2534 | D:2      | Reached XP level 4. HP: 29/30 MP: 2/9
  2812 | D:3      | Found a glowing golden altar of the Shining One.
  2814 | D:3      | Found a bloodstained altar of Trog.
  2814 | D:3      | Found a burning altar of Makhleb.
  2816 | D:3      | Found a glowing golden altar of the Shining One.
  2816 | D:3      | Found a stormy altar of Qazlal.
  2816 | D:3      | Found a shimmering altar of Xom.
  2821 | D:3      | Reached skill level 1 in Armour
  3493 | D:4      | Noticed Blork the orc
  3676 | D:4      | Killed Blork the orc
  3677 | D:4      | Reached skill level 1 in Shields
  3677 | D:4      | Reached skill level 1 in Conjurations
  3677 | D:4      | Reached XP level 5. HP: 18/35 MP: 1/11
  3909 | D:4      | Killed from afar by an orc wizard

Illustrated notes

Levels and vault maps discovered:
D:1:      onia_arrival_mini_maze_b, layout_loops_ring,
          amcnicky_mini_corridor_feature
D:2:      layout_loops_ring
D:3:      layout_basic, doesnt_xom_only_xom
D:4:      layout_basic, uniq_blork_the_orc

Skill      XL: |  1  2  3  4  5 |
---------------+----------------+-----
Spellcasting   | 3 4 |  4.1
Armour         | 1 |  1.2
Dodging        | 2 |  2.1
Shields        | 1 |  1.2
Conjurations   | 1 |  1.2
Ice Magic      | 4 |  4.0
Stealth        | |  1.5

Action                   |  1- 3 |  4- 6 || total
-------------------------+-------+-------++-------
Melee: Unarmed           |     1 |       ||     1
       Dagger            |    74 |    29 ||   103
       Scimitar          |       |    12 ||    12
 Cast: Freeze            |    21 |    10 ||    31
       Frozen Ramparts   |     6 |     5 ||    11
       Ozocubu's Armour  |       |     2 ||     2
  Use: Scroll            |       |     5 ||     5
 Stab: Sleeping          |     2 |     2 ||     4
Armor: Robe              |    18 |     5 ||    23
Dodge: Dodged            |    58 |    31 ||    89
       Rpst.: Scimitar   |       |     3 ||     3
